Map: Nightshade LE

Players

agamenon

  • Race: Terran Terran
  • League: Gold
  • Spawn Location: 5:00

Ratl - Winner!

  • Race: Protoss Protoss
  • League: Silver
  • Spawn Location: 11:00

VOD

Have the link to the VOD?

Description

Time

  • Played on: Feb. 4, 2020, 11:52 a.m.
  • Length: 16:45
Show
View Real Time Build Order
Export as new Build Order

agamenon Terran 

Build Orders:  

Get SALT Encoding   

  12  0:15  Supply Depot  
  12  0:21  Supply Depot  
  12  0:39  Barracks  
  12  0:43  SCV  
  13  0:59  SCV  
  13  1:03  Refinery  
  14  1:08  Refinery  
  14  1:13  SCV  
  15  1:25  SCV  
  16  1:28  Marine  
  17  1:41  Orbital Command  
  17  1:46  Marine  
  18  2:04  Factory  
  18  2:14  Engineering Bay  
  18  2:16  SCV  
  19  2:28  SCV  
  20  2:40  SCV  
  20  2:44  Missile Turret  
  21  2:52  Starport  
  21  2:53  Factory Tech Lab  
  21  2:55  SCV  
  22  3:01  Marine  
  23  3:07  SCV  
  23  3:11  Supply Depot  
  24  3:23  Missile Turret  
  23  3:32  Siege Tank  
  25  3:37  Marine  
  24  3:43  Starport Tech Lab  
  24  4:00  SCV  
  23  4:12  SCV, Siege Tank  
  27  4:23  Marine  
  28  4:31  Supply Depot  
  28  4:36  Fusion Core  
  28  4:40  SCV  
  28  4:41  Marine  
  30  4:49  Supply Depot  
  30  4:52  SCV  
  31  5:00  Sensor Tower  
  31  5:09  Missile Turret  
  31  5:12  SCV  
  32  5:25  SCV  
  32  5:28  Battlecruiser  
  39  5:37  SCV  
  39  5:42  Starport  
  40  5:49  SCV  
  41  5:57  Supply Depot  
  41  6:00  Siege Tank  
  44  6:05  Marine  
  45  6:21  Starport Tech Lab  
  45  6:23  Marine  
  46  6:27  Missile Turret  
  46  6:35  Battlecruiser  
  46  7:39  Command Center  
  46  7:40  Marine  
  47  7:44  Battlecruiser  
  53  7:58  Medivac  
  55  8:07  Marine  
  56  8:15  Supply Depot  
  56  8:25  Marine  
  57  8:27  Armory  
  57  8:35  Supply Depot  
  57  8:43  Marine  
  58  9:01  Marine  
  59  9:18  Marine  
  59  9:21  Battlecruiser  
  66  9:34  Planetary Fortress  
  66  9:36  Marine  
  67  9:41  Missile Turret  
  69  9:45  Hellion  
  69  9:54  Marine, Terran Ship Weapons Level 1  
  70  10:07  Missile Turret, Hellion  
  72  10:12  Marine  
  73  10:30  Marine  
  74  10:46  SCV  
  75  10:58  SCV  
  76  11:10  SCV  
  76  11:11  Command Center  
  77  11:22  SCV  
  78  11:34  SCV  
  79  11:47  Battlecruiser  
  85  11:55  SCV  
  86  12:02  Missile Turret  
  86  12:07  SCV  
  87  12:13  Sensor Tower  
  87  12:19  SCV  
  88  12:25  Refinery  
  88  12:26  Planetary Fortress  
  88  12:31  SCV  
  87  12:37  Refinery  
  79  13:07  SCV  
  80  13:19  SCV  
  81  13:20  Supply Depot  
  81  13:29  Missile Turret  
  81  13:31  SCV  
  81  13:33  Missile Turret  
  82  13:43  SCV  
  84  13:55  SCV  
  84  14:07  SCV  
  85  14:13  Battlecruiser  
  91  14:19  SCV  
  92  14:26  Terran Vehicle And Ship Armor Level 1  
  92  14:49  SCV  
  93  14:53  Battlecruiser  
  93  14:59  Supply Depot  
  99  15:00  SCV  
  99  15:01  SCV  
  101  15:12  SCV  
  97  15:16  Raven  
  43  15:51  Missile Turret  
Show
View Real Time Build Order
Export as new Build Order

Ratl Protoss - Winner!

Build Orders: Double Forge 

Get SALT Encoding   

  12  0:01  Probe  
  13  0:13  Probe  
  14  0:20  Pylon  
  14  0:28  Probe  
  15  0:40  Probe  
  15  0:42  Gateway  
  16  0:53  Probe  
  16  0:54  Assimilator  
  17  1:05  Probe  
  18  1:17  Probe, Gateway  
  19  1:28  Assimilator  
  19  1:29  Probe  
  20  1:38  Pylon  
  20  1:41  Probe  
  20  1:42  Cybernetics Core  
  21  1:53  Probe  
  22  2:05  Probe (Chrono Boost)  
  23  2:14  Warp Gate (Chrono Boost)  
  24  2:17  Probe (Chrono Boost)  
  24  2:21  Probe (Chrono Boost)  
  24  2:22  Stalker x2  
  29  2:31  Probe  
  30  2:44  Probe  
  31  2:53  Nexus  
  31  3:01  Pylon  
  31  3:18  Pylon  
  31  3:19  Probe  
  32  3:20  Pylon  
  32  3:31  Probe  
  33  3:43  Probe  
  35  3:55  Probe  
  35  4:07  Probe  
  36  4:11  Probe  
  37  4:18  Stalker x2  
  37  4:19  Probe  
  37  4:23  Probe  
  41  4:28  Assimilator  
  41  4:32  Probe  
  41  4:35  Probe  
  41  4:38  Robotics Facility  
  43  4:40  Forge  
  43  4:43  Forge  
  43  4:44  Gateway  
  43  4:45  Gateway  
  43  4:47  Pylon  
  43  4:50  Probe x2  
  45  5:02  Probe x2  
  47  5:14  Probe x2  
  47  5:20  Assimilator  
  49  5:21  Stalker  
  49  5:22  Stalker  
  49  5:26  Probe  
  49  5:27  Probe  
  55  5:29  Observer  
  56  5:38  Probe  
  56  5:39  Probe  
  56  5:40  Protoss Ground Weapons Level 1 (Chrono Boost)  
  56  5:41  Protoss Ground Armor Level 1 (Chrono Boost)  
  58  5:51  Immortal  
  62  5:58  Probe x2  
  64  6:09  Stalker  
  64  6:10  Probe x2, Stalker  
  70  6:16  Nexus  
  70  6:28  Probe x2  
  70  6:30  Observer  
  73  6:39  Robotics Facility  
  73  6:40  Probe x2, Twilight Council  
  73  6:43  Robotics Bay  
  73  6:46  Stalker x2  
  78  6:51  Warp Prism  
  76  6:55  Stalker x2  
  68  7:21  Pylon  
  66  7:25  Pylon  
  66  7:27  Immortal  
  70  7:37  Probe x3  
  73  7:49  Probe (Chrono Boost)  
  76  7:53  Probe (Chrono Boost)  
  76  7:54  Probe (Chrono Boost)  
  76  7:55  Immortal  
  76  7:56  Protoss Ground Weapons Level 2 (Chrono Boost), Protoss Ground Armor Level 2 (Chrono Boost)  
  80  8:01  Probe (Chrono Boost), Charge  
  81  8:05  Probe (Chrono Boost)  
  81  8:09  Stalker x2  
  86  8:15  Probe  
  86  8:16  Probe x2  
  89  8:26  Assimilator  
  89  8:28  Probe x3, Extended Thermal Lance, Assimilator  
  89  8:33  Colossus  
  98  8:45  Pylon  
  98  8:47  Pylon, Photon Cannon  
  98  8:51  Photon Cannon  
  98  8:54  Photon Cannon  
  98  9:02  Immortal  
  100  9:04  Pylon  
  100  9:07  Stalker x4  
  105  9:22  Probe x3  
  108  9:31  Observer  
  108  9:34  Probe x3  
  111  9:39  Dark Shrine  
  111  9:47  Stalker x4  
  119  10:06  Observer  
  119  10:34  Stalker x2  
  119  10:35  Zealot x2  
  123  10:45  Gateway  
  123  10:46  Immortal  
  123  10:47  Gateway  
  123  10:49  Gateway  
  121  10:51  Gateway  
  121  10:53  Pylon  
  125  11:02  Pylon  
  125  11:05  Pylon  
  125  11:06  Protoss Ground Weapons Level 3 (Chrono Boost), Protoss Ground Armor Level 3 (Chrono Boost)  
  125  11:08  Pylon  
  125  11:11  Immortal  
  125  11:14  Pylon  
  129  11:19  Stalker x2  
  129  11:20  Stalker  
  129  11:21  Stalker  
  132  11:48  Stalker x4  
  132  11:49  Stalker x3  
  132  11:52  Dark Templar  
  148  12:16  Dark Templar x5  
  148  12:17  Dark Templar  
  158  12:37  Warp Prism  
  158  12:40  Immortal, Nexus  
  158  12:56  Templar Archives  
  158  12:58  Observer  
  158  13:13  Immortal  
  162  13:51  Colossus  
  162  13:53  Immortal  
  172  14:02  Stargate  
  172  14:04  Stargate  
  172  14:06  Stargate  
  172  14:15  Protoss Air Weapons Level 1 (Chrono Boost)  
  172  14:17  High Templar x2  
  172  14:21  Archon  
  176  14:32  Immortal  
  180  14:53  Assimilator  
  180  14:56  Pylon, Assimilator  
  180  14:57  Pylon x2  
  180  15:00  Pylon x2  
  178  15:14  Immortal  
  134  15:45  Stalker x2  
  134  15:46  Stalker x4  
  134  15:47  Stalker  
  134  15:51  Stalker x6  
  134  15:52  Stalker x2  
Tags
 
Add a new tag
Caveats
  • Supply blocks, unpowered buildings, or Contaminate may cause inaccurate times.
  • Supply counts are checked every 10 seconds.